 Dungeon Crawl Stone Soup version 0.27.1-1-g398f81649c (webtiles) character file.

Game seed: 1649298481788839025

4 Mesmaeker13 the Caller (level 1, -5/13 HPs)
             Began as a Barachi Summoner on Sept 7, 2021.
             Slain by a kobold (6 damage)
             ... on level 1 of the Dungeon.
             The game lasted 00:00:29 (422 turns).

Mesmaeker13 the Caller (Barachi Summoner)            Turns: 422, Time: 00:00:30

Health: -5/13      AC:  2    Str:  9    XL:     1   Next: 60%
Magic:  1/3        EV: 12    Int: 15    God:
Gold:   15         SH:  0    Dex: 12    Spells: 3/4 levels left

rFire    . . .     SeeInvis .   f - +0 short sword
rCold    . . .     Faith    .   (no shield)
rNeg     . . .     Spirit   .   a - +0 robe
rPois    .         Reflect  .   (no helmet)
rElec    .         Harm     .   (no cloak)
rCorr    .         Rampage  .   (no gloves)
Will     .....                  (no boots)
Stlth    ++........             (no amulet)
HPRegen  0.04/turn              (no ring)
MPRegen  0.08/turn              (no ring)

@: lethally poisoned (-5 -> -9), slow
A: amphibious, slowness 1, strong legs 1, +LOS
a: Hop


You were on level 1 of the Dungeon.
You visited 1 branch of the dungeon, and saw 1 of its levels.

You collected 15 gold pieces.

Inventory:

Hand Weapons
 b - a +0 dagger
 f - a +0 short sword (weapon)
Armour
 a - a +0 robe (worn)
Scrolls
 c - a scroll of identify {unknown}
Potions
 d - a potion of magic {unknown}
 e - a potion of cancellation {unknown}


   Skills:
 + Level 2.3 Dodging
 - Level 1.7 Stealth
 + Level 2.3 Spellcasting
 + Level 4.9 Summonings


You had 3 spell levels left.
You knew the following spells:

 Your Spells              Type           Power      Damage    Failure   Level
a - Summon Small Mammal   Summ           64%        N/A       2%          1

Your spell library contained the following spells:

 Spells                   Type           Power      Damage    Failure   Level
 Call Imp                 Summ           16%        N/A       4%          2
 Call Canine Familiar     Summ           16%        N/A       9%          3
 Summon Guardian Golem    Hex/Summ       9%         N/A       24%         3
 Summon Lightning Spire   Summ/Air       9%         N/A       61%         4


Dungeon Overview and Level Annotations

Branches:
Dungeon (1/15)

Altars:


Innate Abilities, Weirdness & Mutations

You are amphibious.
You cover ground slowly.
You can hop short distances.
You have an extended range of vision and can be seen from far away.


Message History

Your bat's corpse disappears in a puff of smoke!
The endoplasm quivers.
Casting: Summon Small Mammal (safe; 2% risk of failure)
Confirm with . or Enter, or press ? or * to list all spells.
Your rat barely misses the endoplasm.
Your rat bites the endoplasm.
The endoplasm freezes you.
You are frozen.
Your rat bites the endoplasm. x2
The endoplasm dies!
You start resting.
Your rat disappears in a puff of smoke!
Magic restored.
You start resting.
Your rat disappears in a puff of smoke!
HP restored.
A rat and a kobold come into view.
The kobold is wielding a +1 short sword of venom.
The kobold shouts!
There are monsters nearby!
Casting: Summon Small Mammal (safe; 2% risk of failure)
Confirm with . or Enter, or press ? or * to list all spells.
Your rat barely misses the kobold.
The kobold hits you but does no damage.
You are poisoned.
Your rat misses the kobold.
You feel very sick.
Your rat completely misses the kobold.
The kobold hits you but does no damage.
You are lethally poisoned!
You feel very sick.
Your rat misses the kobold.
You feel very sick.
* * * LOW HITPOINT WARNING * * *
You feel sick.
Casting: Summon Small Mammal (safe; 2% risk of failure)
Confirm with . or Enter, or press ? or * to list all spells.
* * * LOW HITPOINT WARNING * * *
You feel sick.
The kobold hits you with a +1 short sword of venom.
You die...

#.#......... .....
.......... .... # ##
#.......# ... ≈≈≈#
#.......## #.# ≈≈≈≈
#..#.....###.# ≈≈≈
#............# ≈≈
#.......r....## ##########
≈ #..#..r.#K##..#
#........# ##
#...#.###@###.###........#
># #.#.#.#
#..##............# <# # #
..# #r...####........# ##
##.....##..# #........# ≈
#..######.# #........# ≈§
#.# #..## #.# #........#
≈≈ #.# #...# #.#
###..##### ≈≈≈
#.###...#####.# #.## ≈≈≈
#.............## #.#


You could see a kobold (ally target), a friendly quokka (summoned) and a
friendly rat (summoned).

Vanquished Creatures (collateral kills)
  2 bats (D:1)
  An endoplasm (D:1)
  A goblin (D:1)
  A kobold (D:1)
  A rat (D:1)
6 creatures vanquished.

Notes
Turn   | Place    | Note
-------+----------+-------------------------------------------
     0 | D:1      | Mesmaeker13 the Barachi Summoner began the quest for the
                  | Orb.
     0 | D:1      | Reached XP level 1. HP: 13/13 MP: 3/3
   422 | D:1      | Slain by a kobold

Illustrated notes

Levels and vault maps discovered:
D:1:      lightli_molten_gateway, layout_rooms

Action                   || total
-------------------------++-------
Melee: Dagger            ||     5
       Short sword       ||     5
 Cast: Summon Small Mamm ||    13
Armor: Robe              ||     7
Dodge: Dodged            ||    18
